[Event "44th Chess Olympiad Open 2022"]
[Site "Chennai"]
[Date "2022.08.01"]
[Round "4.4"]
[White "Duda, Jan-Krzysztof"]
[Black "Deac, Bogdan-Daniel"]
[Result "1/2-1/2"]
[WhiteElo "2750"]
[BlackElo "2692"]
[Annotator "TA"]
[PlyCount "72"]
[EventDate "2022.??.??"]
[TimeControl "60"]

1. d4 Nf6 2. c4 e6 3. Nf3 d5 4. g3 Be7 5. Bg2 O-O 6. O-O dxc4 7. Ne5 Nc6 8. Bxc6 bxc6 9. Nxc6 Qe8 10.
Nxe7+ Qxe7 11. b3 {[%emt 0:00:00] E05: Open
Catalan: 5 Nf3 Be7.} cxb3 12. Qxb3 {[%emt 0:00:01] [#] aiming
for Ba3.} Rd8 13. Ba3 Qe8 14. Rd1 Ba6 15. Nc3 Nd5 16. e4 Rab8 17. Qc2 Nb4 18. Bxb4 Rxb4 19. d5 e5 20. Qc1 {[%emt 0:05:16] [#]} Rc4
$146 ({Predecessor:} 20... Rd6 21. Qe3 Qb8 22. Rab1 h6 23. Qc5
Rxb1 24. Rxb1 Rb6 25. Rc1 Rb2 26. Kg2 Bd3 {½-½ (42) Hilby,C (2390)-Brown,M 
(2506) Las Vegas 2017}) 21. Qa3 Rd6 22. Rab1 h5 23.
Rb4 Rxb4 24. Qxb4 h4 25. a4 Qc8 26. Nb5 hxg3 27. Nxd6 Qg4 28. Qb8+ Kh7 {[%emt 0:00:04] [#]} 29. Nxf7 $1 {[%emt 0:01:13]
White wants to mate with Qh8+. The position is equal.} gxf2+ 30. Kxf2 Qf4+ 31. Kg2 Qxe4+ 32. Kf2 {[%emt 0:00:00] Ng5+ would kill now.} Qe2+ 33. Kg3 Qe3+ 34. Kg2 Qe2+ 35. Kg3 {[%emt 0:00:00] Strongly threatening Qb1+.} Qe3+ 36. Kg2 {[%emt 0:00:00] Black must now prevent Qh8+.} Qe2+ {
[%emt 0:00:38] An even fight not without its subleties. Weighted Error Value:
White=0.05 (flawless) /Black=0.03 (flawless)} 1/2-1/2

[Event "44th Chess Olympiad Open 2022"]
[Site "Chennai"]
[Date "2022.08.01"]
[Round "4.4"]
[White "Piorun, Kacper"]
[Black "Parligras, Mircea-Emilian"]
[Result "1/2-1/2"]
[WhiteElo "2636"]
[BlackElo "2576"]
[Annotator "TA"]
[PlyCount "75"]
[EventDate "2022.??.??"]
[TimeControl "60"]

1. d4 Nf6 2. c4 e6 3. Nc3 Bb4 4. e3 O-O 5. Bd3 d5 6. cxd5 exd5 7. a3 {[%emt 0:00:08] E48: Nimzo-Indian:
Rubinstein: 5 Bd3 d5 including 6 Ne2, but excluding 6 a3.} Bd6 8. Qc2 b6 9. b4 c6 10. Nge2 {[%emt 0:03:52] [#]} Ba6 $146 ({Predecessor:} 10... a5 11. b5 c5 12. O-O Bb7 13. Ng3 Nbd7 14. Qe2 Rc8
15. Bb2 Re8 16. Qf3 g6 {0-1 (31) Aradhya,G (2236)-Ponkratov,P (2641) Guwahati
2022}) 11. b5 Bb7 12. O-O c5 13. Bb2 Nbd7 14. Ng3 Re8 15. Rfe1 Rc8 16. Qd1 g6 17. Be2 cxd4 18. exd4 Ne4 19. Ngxe4 (19. Rc1 $15 {should be considered.}) 19... dxe4 $17 20. Bf1 (20. Bg4 $17) 20... Qg5 (
20... Qh4 21. g3 Qg5 22. Bg2 $15) (20... e3 $1 $19 {has better winning chances.
( -> ...Qh4)} 21. Qe2 Nc5 $1) 21. Bc1 Qf5 ({
Worse is} 21... Qh4 22. g3 Qf6 23. Bb2 $15) ({Stronger than} 21... Bxh2+ 22.
Kxh2 Qh4+ 23. Kg1 Rxc3 24. Re3 $17) 22. Bd2 Nf6 23. h3 {[%emt 0:01:35] Inhibits Ng4.} h5 24. Qb3 h4 25. Nd1 {[%emt 0:03:22][%cal
Yc3d1,Yd1e3,Ye3g4,Yg4h6] [#]} Bb8 (25... Nd5 $1 $17 {[%cal
Ye4e3] Threatens to win with ...e3!} 26. Be2 Qf6) 26. Ne3 $1 $11 Qd7 (26... Bh2+ $2 27. Kxh2 Qxf2 28. Re2 (28. Nc4 e3 $16)
28... Qg3+ 29. Kg1 $18) 27. Bc4 $1 Qc7 28.
Rac1 Qh2+ 29. Kf1 Rc7 30. Ke2 Nh5 ({Black should
play} 30... Kg7 $15) 31. Ng4 $14 Qxg2 {[%emt 0:02:33][%cal
Yc7c4] [#] And now ...Rxc4! would win.} 32. Bxf7+ {[%emt 0:00:07] Decoy} Rxf7 33. Nh6+ {[%emt 0:00:00] Pin, Deflection, Double Attack} Kh8 34. Qxf7 {[%emt 0:07:09] Really sharp!} Nf4+ $1 {[%emt 0:00:08]
Decoy. The position is equal.} 35. Bxf4 Qf3+ 36. Kf1 Qh1+ 37. Ke2 Qf3+ 38. Kf1 {[%emt 0:00:04] Whites escaped into a draw. Weighted
Error Value: White=0.13 (very precise) /Black=0.18 (very precise)} 1/2-1/2

[Event "44th Chess Olympiad Open 2022"]
[Site "Chennai"]
[Date "2022.08.01"]
[Round "4.4"]
[White "Lupulescu, Constantin"]
[Black "Wojtaszek, Radoslaw"]
[Result "1/2-1/2"]
[WhiteElo "2628"]
[BlackElo "2708"]
[Annotator "TA"]
[PlyCount "60"]
[EventDate "2022.??.??"]
[TimeControl "60"]

1. d4 Nf6 2. c4 e6 3. Nc3 Bb4 4. e3 O-O 5. Bd3 c5 6. Nge2 d5 7. cxd5 cxd4 8. exd4 Nxd5 9. O-O Nc6 10. a3 Bd6 $1 {[%emt 0:00:45] The main line 10...Bd6 scores better than 10...Be7.} 11.
Re1 {[%emt 0:00:59] E48: Nimzo-Indian: Rubinstein: 5 Bd3 d5 including 6 Ne2,
but excluding 6 a3.} Qh4 12. g3 Qh5 13. Nxd5 exd5 14. Bf4 Rd8 {[%emt 0:00:31] [#]} 15. Bxd6 $146 {[%emt 0:30:26] The position is equal.
} ({Predecessor:} 15. Qd2 Bf8 16. Be3 Bd6 17. Bg5 Rf8 18. Bf4 Be7 19. b4 a6 20.
Be3 Bd6 21. Bf4 {½-½ (66) Sarana,A (2675)-Keymer,V (2667) Chess.com INT 2022}
) 15... Rxd6 16. Nf4 {[%emt 0:00:19][%cal Re1e8] [#]} Qxd1 17. Raxd1 Bd7 {[%emt 0:00:21]
Against Re8+} 18. h4 h6 19. Bf1 g5 20. Ng2 Bg4 21. Be2 Bxe2 22. Rxe2 Kf8 23. Kf1 Re8 24. Rxe8+ Kxe8 25. hxg5 hxg5 $11 {[%emt 0:00:04]
KRN-KRN} 26. Ne3 Ne7 27. Ke2 Rb6 28. Rd2 Kd7 29. Nd1 Re6+ 30. Kd3 Re1 {[%emt 0:00:
00] A balanced but interesting game. Weighted Error Value: White=0.01 
(flawless) /Black=0.01 (flawless)} 1/2-1/2

[Event "44th Chess Olympiad Open 2022"]
[Site "Chennai"]
[Date "2022.08.01"]
[Round "4.4"]
[White "Gavrilescu, David"]
[Black "Moranda, Wojciech"]
[Result "1/2-1/2"]
[WhiteElo "2525"]
[BlackElo "2636"]
[Annotator "TA"]
[PlyCount "60"]
[EventDate "2022.??.??"]
[TimeControl "60"]

1. e4 c6 2. Nf3 d5 3. Nc3 dxe4 4. Nxe4 Nf6 5. Qe2 Nxe4 6. Qxe4 Nd7 {[%emt 0:00:09] B11: Caro-Kann: Two Knights Variation.} 7. d4 Nf6 8. Qf4 Nd5 {[%emt 0:00:
00] White has an edge.} 9. Qd2 Bf5 10. Bd3 Bxd3 11. Qxd3 e6 12. O-O Be7 13. c4 Nf6 14. Bf4 {[%emt 0:03:03] The position is equal.}
O-O 15. Rad1 Qb6 16. Qe2 Rad8 {[%emt 0:05:33] [#]} 17. Rfe1 $146 ({
Predecessor:} 17. Rd3 Qa6 18. b3 Rfe8 19. Rfd1 b5 20. Rc3 bxc4 21. Qxc4 Qxa2
22. Rc2 Qa3 23. Bc1 Qb4 24. Qxb4 Bxb4 25. Rxc6 {0-1 (74) Piliczewski,B (1988)
-Stanach,F (2038) Jastrzebia Gora 2019}) 17... Rfe8 18. Ne5 c5 19. dxc5 Bxc5 20. Bg5 {[%emt 0:00:00] [#] And now Bxf6 would win.} Be7 21. b3 Qc7 22. h3 Rxd1 23. Rxd1 Rd8 24. Rxd8+ Qxd8 25. Ng4 Nxg4 26. Bxe7 Qxe7 27. Qxg4 g6 28. Qd4 b6 29. g3 Qa3 30. Qd8+ Kg7 {
[%emt 0:00:06] An even fight not without its subleties. Weighted Error Value:
White=0.03 (flawless) /Black=0.01 (flawless)} 1/2-1/2

[Event "44th Chess Olympiad Open 2022"]
[Site "Chennai"]
[Date "2022.08.01"]
[Round "4.5"]
[White "Mamedov, Rauf"]
[Black "Can, Emre"]
[Result "1/2-1/2"]
[WhiteElo "2656"]
[BlackElo "2606"]
[Annotator "TA"]
[PlyCount "64"]
[EventDate "2022.??.??"]
[TimeControl "60"]

1. Nf3 d5 2. g3 g6 3. Bg2 Bg7 4. d4 Nf6 5. c4 c6 6. O-O O-O 7. a4 {[%emt 0:00:02] D78: Fianchetto Grünfeld: 6 0-0 c6.} Na6 8. cxd5 cxd5 9. Nc3 Nb4 {[%emt 0:03:53] [#]} 10. a5 $146 ({
Predecessor:} 10. Qb3 a5 11. Rd1 b6 12. Na2 Nxa2 13. Qxa2 Ba6 14. Bf1 Rc8 15.
Qb3 Bc4 16. Qa3 {0-1 (47) Bulatova,K (2009)-Tokarev,I (2323) Kazan 2017}) 10...
Nc6 11. Ne5 e6 12. Nxc6 bxc6 13. Qa4 Qd7 14. a6 Rb8 15. Qc2 Qd8 16. Na4 Bxa6 17. Nc5 Bb5 18. Rxa7 Ra8 19. Rb7 Rb8 20. Ra7 Ra8 21. Rb7 Rb8 22. Rxb8 {
[%emt 0:00:38] The position is equal.} Qxb8 23. Bf4 Qa7 24. Be5 Ra8 25.
Rc1 Nd7 26. Nxd7 Qxd7 27. Bxg7 Kxg7 28. e3 Qd6 29. Bf1 Bxf1 30. Kxf1 Rb8 31. Qxc6 Qxc6 32. Rxc6 Rxb2 {[%emt 0:00:07] An
interesting draw. Weighted Error Value: White=0.03 (flawless) /Black=0.05 
(flawless)} 1/2-1/2

[Event "44th Chess Olympiad Open 2022"]
[Site "Chennai"]
[Date "2022.08.01"]
[Round "4.5"]
[White "Durarbayli, Vasif"]
[Black "Ali Marandi, Cemil Can"]
[Result "1-0"]
[WhiteElo "2638"]
[BlackElo "2561"]
[Annotator "TA"]
[PlyCount "165"]
[EventDate "2022.??.??"]
[TimeControl "60"]

1. e4 e5 2. Nf3 Nc6 3. Bc4 Nf6 4. d3 Bc5 5. O-O a6 6. a4 d6 7. c3 h6 8. Re1 {[%emt 0:00:
00] C54: Giuoco Piano: 4 c3 Nf6, main lines with 5 d4 and 5 d3.} Ba7 9. Nbd2 O-O 10. h3 {[%emt 0:00:09] White has an edge.} Re8 11. Qb3 Qe7 12. a5 Rb8 13. Nf1 Be6 14. Bxe6 {[%emt 0:00:23] [#]
} Qxe6 $146 ({Predecessor:} 14... fxe6 15. Be3 Bxe3 16. Nxe3
Qf7 17. Nc4 Nh5 18. d4 Nf4 19. g3 Nxh3+ 20. Kg2 Rf8 {0-1 (46) Biyiksiz,A (1378)
-Taspinar,Y (1938) Konya 2019}) 15. Qxe6 Rxe6 16. Be3 Rd8 17. Bxa7 Nxa7 18. Ne3 Ree8 19. g3 Nc6 20. Kf1 d5 21.
Ra4 dxe4 22. dxe4 Nd7 23. Rc4 {[%emt 0:04:09] Against Nc5} Nf6 24.
Ra1 Rd7 (24... Rd6 {seems wilder.} 25. Ke2
Red8 26. Nc2 Nd7) 25. Raa4 g6 (25... Rd6 {
is interesting.} 26. Ke2 Red8 27. Nf5 R6d7) 26. Ke2 Na7 (26... Red8 $11) 27. Nd2 Nc8 28. Rcb4 Nd6 (28... c5 $14 29. Rb3 Kg7) 29.
Nb3 $1 $16 Rdd8 30. Nc5 ({
White should try} 30. Nd5 $16 Nxd5 31. exd5) 30... Nd7 $11 31.
Nxd7 (31. Nxb7 Nxb7 32. Rxb7 Nc5 $17) 31... Rxd7 32. Ra1 Nb5 33. Rd1 (
33. f3 {with more complications.} h5 34. g4 hxg4 35. hxg4 Kg7 36. Rd1) 33...
Rxd1 34. Kxd1 {[%emt 0:00:05] Endgame KRN-KRN} Kg7 35. Ke2 h5 36. Rc4 c6 37. Rb4 Rd8 38. Nc4 Kf6 39. Nd2 Ke6 40. Nb3 Kd6 41. Rc4 Kc7 42. Nc5 Nd6 43. Rb4 Rh8 44. f4 Re8 45. Kf3 f5 46.
h4 Re7 47. Ra4 Re8 48. exf5 gxf5 49. fxe5 Rxe5 50. Nd3 Rd5 (50...
Rb5 $14) 51. Ke3 (51. Nf4 $16 Rd1 52. Nxh5) 51... Ne4 $14 {
[%emt 0:00:00][%cal Yd5d3] Strongly threatening ...Rxd3+!} 52. Nf4 Re5 (52... Rb5 $14) 53. Kf3 (53. Nxh5 $16 {Hoping for Kf4.} Nc5+ 54. Kf4 Nd3+ 55. Kf3) 53... Nf6 54. Ra1 Re8 55. Rd1 Re5 56. b4 Re8 57.
Rd3 Ng4 {[%emt 0:00:00] Against Re3} 58. Kg2 Nf6 59. Kf1 {[%emt 0:00:00] Prevents Re1+.} (59. c4 $16) 59...
Re4 $11 60. Rf3 Kd6 61. Kg2 Re8 62. Rd3+ ({White should
play} 62. Kh3 $11) 62... Kc7 $16 63. c4 Re4 (63... b5 $16) 64. c5 $1 $18 ({Stronger than} 64. Rc3 Kd6 $11) 64... Kb8 ({Not} 64...
Rxb4 65. Ne6+ Kb8 66. Rd8+ Ka7 67. Nc7) 65. Rd6 $2 ({White
must play} 65. Rd8+ $1 $18 Kc7 66. Rf8) 65... Ng4 $11 66. Nxh5
{[%emt 0:00:00] And now Ng7 would win.} Rxb4 67. Nf6 Rb2+ 68. Kf1 {[%emt 0:00:00] Nxg4 is the strong
threat.} Rb1+ 69. Ke2 Rb2+ 70. Ke1 {[%emt 0:00:00] aiming for Nd7+.} Rb1+ $2 (70... Rb5
$11) 71. Kd2 $18 {[%emt 0:00:00] Black must now prevent Nxg4.} Rb2+ 72. Kc3 Rg2 $2 (72... Rb5 $16) 73.
Nd7+ $1 Ka7 $2 {[%emt 0:00:00] [#]} (73... Kc7 $18 74. Nb6 (
74. Rd3 Nf2 $17) 74... Ne5) 74. Nb6 $1 Rxg3+ 75. Kb2 Rg2+ 76. Kb3 {[%emt 0:00:28] Rd8
would kill now.} Rg3+ 77. Ka4 {[%emt 0:00:26] White wants to
mate with Rd8.} Ne5 {[%emt 0:00:48] [#]} 78. Rd8 $1 {[%emt 0:00:15][%csl Gb6]
[%cal Rd8a8] White mates.} Rg4+ 79. Kb3 Rg3+ 80. Kc2 Rg2+ 81. Kd1 Rg1+ 82. Ke2 Rg2+ 83. Kf1 {[%emt 0:00:08] Weighted Error Value: White=0.11 (very
precise) /Black=0.12 (very precise)} 1-0

[Event "44th Chess Olympiad Open 2022"]
[Site "Chennai"]
[Date "2022.08.01"]
[Round "4.5"]
[White "Yilmaz, Mustafa"]
[Black "Mamedyarov, Shakhriyar"]
[Result "1/2-1/2"]
[WhiteElo "2634"]
[BlackElo "2759"]
[Annotator "TA"]
[PlyCount "61"]
[EventDate "2022.??.??"]
[TimeControl "60"]

1. d4 Nf6 2. c4 e6 3. Nf3 Bb4+ 4. Nbd2 d5 5. Qa4+ Nc6 6. a3 Be7 7. e3 a5 {[%emt 0:01:14]
[%cal Ya7a5,Ya5a4] E11: Bogo-Indian.} 8. Bd3 (8. b4 $5) 8...
O-O 9. O-O Bd7 {[%emt 0:12:48][%cal Yc6d4]
White has an edge.} 10. Qc2 a4 11. Ne5 Na5 {[%emt 0:03:27] [#]} 12. Nxd7 $146 ({
Predecessor:} 12. c5 Be8 13. f4 g6 14. Ndf3 b6 15. c6 Ne4 16. Bb5 f6 17. Nd7
Bxd7 18. cxd7 {1-0 (29) Jacobson,B (2530)-Shkapenko,P (2424) Chess.com INT 2021
}) 12... Qxd7 13. cxd5 exd5 14. b4 axb3 $1 15. Nxb3 Bd6 (15... Nxb3 $11 16. Qxb3 b6) 16. Nxa5 $14 Rxa5 17. Bd2 Rxa3 18. Rxa3 Bxa3 19. Qb3 Bd6 20. Qxb7 c5 21. Qxd7 Nxd7 22. Bf5 Nf6 23. dxc5 Bxc5 24. Rc1 Ba3 25. Rc8 g6 26. Rxf8+ Kxf8 27. Bd3 Ne4 {[%emt 0:00:
00] The position is equal.} 28. Bxe4 dxe4 29.
Kf1 f5 30. Ke2 Kf7 31. Bc3 {[%emt 0:00:06] Weighted Error Value: White=0.07 (flawless) /
Black=0.10 (very precise)} 1/2-1/2

[Event "44th Chess Olympiad Open 2022"]
[Site "Chennai"]
[Date "2022.08.01"]
[Round "4.5"]
[White "Sanal, Vahap"]
[Black "Guseinov, Gadir"]
[Result "1-0"]
[WhiteElo "2574"]
[BlackElo "2668"]
[Annotator "TA"]
[PlyCount "97"]
[EventDate "2022.??.??"]
[TimeControl "60"]

1. d4 d5 2. c4 c6 3. cxd5 cxd5 4. Bf4 Nc6 5. e3 Nf6 6. Bd3 {[%emt 0:00:37] D10: Slav Defence: 3 cxd5 
(without early Nf3) and 3 Nc3.} Bg4 7.
f3 $1 {[%emt 0:00:30] is now more promising than 7.Ne2.} Bh5 8. Nc3 {[%emt 0:05:37] The position is equal.} e6 9. Qb3 Qd7 10. Nge2 {[%emt 0:00:00] [#]} Bg6 $146 ({Predecessor:} 10... Rc8 11. Kf2 Bg6 12. Bb5 a6 13. Bxc6 Rxc6
14. Rhc1 Rc4 15. Nd1 Rb4 16. Qc3 Rc4 {½-½ (38) Perry,W (2179)-Piccoli,F 
(2102) ICCF email 2017}) 11. Bb5 Be7 12. g4 a6 13. Bxc6 Qxc6 14. h4 h5 15. g5 Nd7 16. Kf2 Qb6 (16... Nb6 {is interesting.} 17. e4 Nc4 18. exd5 exd5 19. Bg3 O-O) 17.
Rhc1 Qxb3 18. axb3 O-O 19. Bg3 Rfc8 20. Nf4 Kh7 21. Nxg6 Kxg6 22. Ne2 Kh7 23. Nf4 g6 24. Nd3 Kg8 25. b4 Nb6 26. Nc5 Bxc5 $2 {[%emt 0:06:49] [#] A mistake that costs the game.} (26... Nc4
$14) 27. bxc5 $18 ({Less strong is} 27. dxc5 Nd7 $14) 27...
Nd7 28. Rc3 Rc6 29. b4 Rac8 30. Rb3 e5 31. Bxe5 ({But not} 31.
dxe5 $6 b6 $16) 31... Nxe5 32. dxe5 {[%emt 0:00:02] Endgame
KRR-KRR} b6 $2 (32... Kf8 {might work better.} 33. Rd3 Rd8)
33. Rxa6 bxc5 34. b5 Rxa6 (34... R6c7 35. b6 c4) 35. bxa6 {[%emt 0:00:04] [#] a7 would
kill now. KR-KR. White is clearly winning.} c4 36. Rc3 {
[%emt 0:01:57] Strongly threatening a7.} Kf8 37. a7 Ke7 38. Ra3 Ra8 39.
Ke2 Kd7 40. Kd2 Kc6 41. Kc3 (41. Ra1 $142 Kb5 42. Ra2) 41... Kb5 42. Ra2 Kc5 43. Ra1 Kb5 44. Kd4 Kc6 45.
e4 dxe4 46. fxe4 Kb5 47. Kc3 Kc5 48. Ra4 Kb5 49. Rb4+ {[%emt 0:00:00] Weighted Error Value:
White=0.10 (very precise) / Black=0.32} 1-0

[Event "44th Chess Olympiad Open 2022"]
[Site "Chennai"]
[Date "2022.08.01"]
[Round "4.6"]
[White "Van Foreest, Jorden"]
[Black "Nabaty, Tamir"]
[Result "1/2-1/2"]
[WhiteElo "2678"]
[BlackElo "2631"]
[Annotator "TA"]
[PlyCount "91"]
[EventDate "2022.??.??"]
[TimeControl "60"]

1. e4 e5 2. Nf3 Nf6 3. d4 Nxe4 4. Bd3 d5 5. dxe5 Nc6 6. O-O Bg4 7. Nc3 Nxc3 8. bxc3 Bc5 9. Re1 {[%emt 0:00:42] C43: Petroff
Defence: 3 d4.} O-O 10. h3 Bh5 11. Rb1 b6 {[%emt 0:01:39] 11...b6 has lost popularity.}
12. Bf4 h6 13. g4 Bg6 14. Bg3 {[%emt 0:01:02] [#]} f5 $146 ({
Predecessor:} 14... Bxd3 15. cxd3 d4 16. c4 Qd7 17. Nh4 Rae8 18. f4 Be7 19. Nf5
Bb4 20. Re4 f6 {1-0 (39) Brodda,W (2596)-Schirrmacher,C (2000) GER email 2015})
15. exf6 (15. Kg2 $5 ) 15... Bxd3 16. Qxd3 {[%emt 0:00:10] [#] And now fxg7 would win.} Qxf6 17. Kg2 d4 18. cxd4 Nxd4 19. Nxd4 {[%emt 0:01:10] Chess con chili.} Bxd4 20. Qb3+ Kh8 21. Re6 Qf7 22. Rbe1 c5 (
22... Bxf2 $2 23. Rf1 $18) 23. Re7 {[%emt 0:00:19] Active counter play!} (23.
f4 {looks sharper.} Qd7 24. f5 Rae8 25. Bd6) 23... Qxb3 24.
cxb3 Kg8 25. Rb7 $1 Rf7 26. Ree7 Rxe7 27. Rxe7 $14 {
[%emt 0:00:04] Endgame KRB-KRB} b5 28. Rc7 Re8 29. Rxa7 c4 30. Rd7 Bf6 31. Rc7 c3 32. Bd6 {[%emt 0:01:24] [#] aiming for Bb4.} Re2 33. Bb4 Bd4 (33... Be5 $5 34. Rc8+ Kf7 $14) 34. Kf3 Rxa2 35.
Ke4 $1 Bf6 $1 36. Bxc3 Rc2 {
[%emt 0:00:41] The position is equal.} 37. Kd3 Rxf2 38. Bxf6 Rxf6 $11 {[%emt 0:00:55] KR-KR} 39. Ke4 {
[%emt 0:01:28] Inhibits Rf3.} Rf1 40. Rc3 b4 41. Rd3 g5 42. Rf3 Rc1 43. Kd5 Rc3 44.
Ke4 {[%emt 0:00:00] Threatening mate with Rxc3.} Rc1 45. Kd5 Rc3 46. Ke4 {[%emt 0:00:14] Weighted Error
Value: White=0.05 (flawless) /Black=0.05 (flawless)} 1/2-1/2

[Event "44th Chess Olympiad Open 2022"]
[Site "Chennai"]
[Date "2022.08.01"]
[Round "4.6"]
[White "Warmerdam, Max"]
[Black "Rodshtein, Maxim"]
[Result "1/2-1/2"]
[WhiteElo "2610"]
[BlackElo "2596"]
[Annotator "TA"]
[PlyCount "119"]
[EventDate "2022.??.??"]
[TimeControl "60"]

1. c4 e5 2. Nc3 Bb4 3. g3 Nf6 4. e4 Nc6 5. Nge2 d6 6. Bg2 Bc5 {
[%emt 0:07:05] A25: English Opening vs King's Indian with ...Nc6 but without
early d3.} 7. h3 {[%emt 0:03:01] Against Ng4} a6 8. d3 b5 9. b3 Nd4 10. Be3 c6 {[%emt 0:10:21] [#]} 11. O-O $146 ({Predecessor:} 11. Bxd4 exd4 12. Nb1 bxc4 13. bxc4 Rb8 14. O-O Bd7 15. f4 O-O
16. Nd2 Ba3 17. Nb3 {1-0 (35) Tahbaz,A (2455)-Javanbakht,N (2436) Bushehr 2018}
) 11... Rb8 12. Kh1 O-O 13.
Qd2 Nd7 14. f4 Qa5 15. Rac1 Nxe2 16. Qxe2 (16. Nxe2 $5 Bb4 17. Qc2 $11) 16... Bxe3 17. Qxe3 Qb6 18. Qd2 Bb7 19. Ne2 Rfe8 20. g4 d5 21. fxe5 dxe4 (21... dxc4 $11 22. e6 Rxe6) 22. d4 $1 $14 {[%emt 0:10:40] [#]
aiming for Qf4.} c5 23. Qf4 Qg6 24. d5 (24. e6 $5 Qxe6 25. d5 $14) 24... Rxe5
{[%emt 0:00:07] The position is equal.} 25. Ng3 Rbe8 26. Rce1 e3 27. Rf3 e2 28. Rf2 Qf6 29. Qxf6 Nxf6 30. Rfxe2 (30. Bf3 {is interesting.} bxc4 31. bxc4 a5 32. Rfxe2 Rxe2 33.
Rxe2 Kf8 34. g5) 30... Rxe2 31. Rxe2 Rxe2 32. Nxe2 bxc4 33. bxc4 $11 {
[%emt 0:00:04] Endgame KBN-KBN} Ne8 34. Nc3 Nd6 35. Na4 Nxc4 36. Nxc5 Nd6 37. Kg1 Kf8 38. Kf2 Ke7 39. Ke3 Bc8 40. Bf1 a5 41. a3 f5 42. g5 Nf7 43. h4 Kd6 44. Kd4 Ne5 {[%emt 0:00:21] ...Nf3+ is the strong threat.} 45. Be2 {[%emt 0:03:17]
Inhibits Nf3+.} Ng6 46. Nb3 Bb7 47. Bf3 Nxh4 48. Bh1 f4
{[%emt 0:00:56] [#] White must now prevent ...f3.} 49. Be4 a4 50. Nd2 f3 51. Nc4+ Kd7 52. Ne5+ Kd6 {[%emt 0:00:
42] Threatens to win with ...f2.} 53. Nc4+ Kd7 54. Ke3 h6 55. gxh6 gxh6 56. Kf2 Ba6 57. Nb6+ Kd6 58. Nxa4 Ke5 59. Nc5 Bc4 60. a4 {[%emt 0:01:51]
Weighted Error Value: White=0.05 (flawless) /Black=0.05 (flawless)} 1/2-1/2

[Event "44th Chess Olympiad Open 2022"]
[Site "Chennai"]
[Date "2022.08.01"]
[Round "4.6"]
[White "Smirin, Ilia"]
[Black "L'Ami, Erwin"]
[Result "1-0"]
[WhiteElo "2601"]
[BlackElo "2634"]
[Annotator "TA"]
[PlyCount "97"]
[EventDate "2022.??.??"]
[TimeControl "60"]

1. c4 e6 2. g3 d5 3. Bg2 Nf6 4. Nf3 Be7 5. O-O O-O 6. b3 c5 7. Bb2 Nc6 8. cxd5 Nxd5 9.
d4 cxd4 10. Nxd4 Bd7 11. Nc3 Nxc3 12. Bxc3 Nxd4 {[%emt 0:09:21] A14: English Opening: 1...e6 with b3 by
White.} (12... Rc8 $11) 13. Bxd4 $14 Bc6 14.
Bxc6 bxc6 {[%emt 0:00:07] White is slightly better.} 15. Rc1 Qd5 {[%emt 0:13:29] [#]} (15... Qa5 $14) 16. Rc4 $1 $16 a5 17. Qc2 {[%emt 0:01:38] [#]}
Rfc8 $146 ({Predecessor:} 17... Rfd8 18. e4 Qb5 19. Bc5 Bf6
20. Be3 Ra6 21. Rc5 Qb7 22. Rc1 Rc8 23. Rc4 g6 {1-0 (36) Kubos,R (2143)
-Splichal,S (2086) Czech Republic 2020}) 18. Rd1 Qf5 19. Qxf5 exf5 20. Bc3 Bb4 21. Rd7 {[%emt 0:00:00]
White is more active.} Bxc3 22. Rxc3 {[%emt 0:03:15] Endgame
KRR-KRR} g6 23. a4 Ra6 24.
Rb7 Kg7 25. Kf1 Re8 26. Rd3 Re6 27. Rdd7 Rf6 28. Ra7 ({Better is} 28.
e3 $18) 28... Rb6 (28... Rxa7 $16 29. Rxa7 Rd6) 29. Rd3 $18 ({But not} 29. Rxa5 $6 Rxb3 30. e3 Ra3 $16) 29... c5 30. Rxa5 c4 31. bxc4 Rb1+ 32. Kg2 Rb2 33. Kf3 Rc2 34. c5 Re6 35. Re3 Rc6 36. Rb5 {
[%emt 0:01:38] Black must now prevent a5.} Ra2 (36... R2xc5 {
keeps fighting.} 37. Rxc5 Rxc5) 37. a5 g5 38.
Rc3 g4+ 39. Ke3 {[%emt 0:00:38] White is
clearly winning.} Re6+ 40. Kd4 Rd2+ 41. Kc4 Re4+ 42. Kb3 Rexe2 43. Rb6 ({Weaker is} 43. c6 Rb2+ 44.
Kc4 Re4+ 45. Kd3 Rxb5 $17) 43... Rb2+ 44. Kc4 {[%emt 0:00:00]
[#] Threatens to win with Rxb2.} Re4+ 45. Kd5 Rd2+ 46. Kc6 Rxf2 47. a6 Rxh2 48. Ra3 ({Less strong is
} 48. a7 Ra2 $14) 48... Re6+ 49. Kd7 {[%emt 0:00:00] Weighted
Error Value: White=0.04 (flawless) /Black=0.27 (precise)} 1-0

[Event "44th Chess Olympiad Open 2022"]
[Site "Chennai"]
[Date "2022.08.01"]
[Round "4.6"]
[White "Boruchovsky, Avital"]
[Black "Giri, Anish"]
[Result "1/2-1/2"]
[WhiteElo "2551"]
[BlackElo "2760"]
[Annotator "TA"]
[PlyCount "84"]
[EventDate "2022.??.??"]
[TimeControl "60"]

1. e4 d6 2. d4 Nf6 3. Nc3 e5 4. Nf3 Nbd7 5. Bc4 Be7 6. O-O O-O 7. Re1 c6 8. a4 h6 {[%emt 0:00:37] The modern move.} 9. Bf1 {[%emt 0:04:14] C41: Philidor
Defence.} Re8 10. h3 {[%emt 0:05:38] [#]} b6 $146 ({Predecessor:} 10... exd4 11. Nxd4 Bf8 12. f4 Nc5 13. Qf3 a5 14. Kh1 Qb6
15. e5 Nfd7 16. Qg3 Kh8 17. Nf3 dxe5 18. fxe5 {0-1 (42) Belyakov,B (2459)
-Yudin,S (2507) St Petersburg 2018}) 11. Be3 a6 12. Nh4 Bf8 13. dxe5 Nxe5 14. f4 Ned7 15. Bf2 Nc5 16.
Qf3 d5 17. Rad1 Bb7 18. e5 Nfe4 19. Nf5 (19. Nxe4 $11 Nxe4 20. Kh1) 19... Nxf2 $15 20. Qxf2 Qd7 21. Ne3 Rad8 22. Qg3 Kh8 23. f5 (23. Ng4 $15) 23... Qc7 ({Black should try} 
23... Qe7 $17 24. Ng4 Qg5) 24. Ng4 $1 Bc8 25.
b4 $1 Ne4 26. Nxe4 dxe4 27. Rxd8 Qxd8 28. e6 fxe6 29. f6 gxf6 {[%emt 0:00:
00] Hoping for ...Qe7.} 30. Rxe4 {[%emt 0:00:02][%cal Yg4h6] [#] Nxh6! is the
strong threat.} f5 (30... Qe7 $1 $15 31. Qf4 f5) 31. Ne5 $1
$11 {[%emt 0:01:01] aiming for Nf7+. The position is equal.} Qf6 {[%emt 0:00:
00] Prevents Nf7+.} 32. Ng6+ Kh7 33. Nxf8+ Rxf8 34. Re5 Rg8 (34... f4 {seems wilder.} 35. Qe1 f3 36. Qe4+ Kg7)
35. Qe3 Rg7 36. a5 b5 37. Bd3 Bd7 38. Kh2 Kg8 39. Qf4 {[%emt 0:00:55] Prevents Qh4.} Qg5 {
[%emt 0:00:40][%csl Gg7][%cal Rg5g2] [#]} 40. Qf2 {[%emt 0:01:12] Active
counter play!} Qf6 41. Qf4 Qg5 42. Qf2 Qf6 {[%emt 0:00:14]
Weighted Error Value: White=0.08 (flawless) /Black=0.07 (flawless)} 1/2-1/2